 Dungeon Crawl Stone Soup version 0.24.0-37-gcf1ca852f1 (webtiles) character file.

Game seed: 1913394096724638865, levelgen mode: deterministic

3494 DildoBatman the Magician (level 10, -11/63 HPs)
             Began as a Formicid Wizard on Dec 5, 2019.
             Was a Follower of Kikubaaqudgha.
             Mangled by a red ugly thing (20 damage)
             ... on level 7 of the Dungeon.
             The game lasted 00:32:17 (8541 turns).

DildoBatman the Magician (Formicid Wizard)          Turns: 8541, Time: 00:32:18

Health: -11/63     AC:  7    Str: 11    XL:     10   Next: 28%
Magic:  2/18       EV: 12    Int: 22    God:    Kikubaaqudgha [*.....]
Gold:   467        SH:  4    Dex: 11    Spells: 11/23 levels left

rFire    . . .     SeeInvis +   a - +4 spear
rCold    . . .     Gourm    +   (no shield)
rNeg     . . .     Faith    .   E - +0 robe {MR+}
rPois    +         Spirit   .   (helmet unavailable)
rElec    .         Reflect  .   G - +1 cloak
rCorr    .         Harm     .   J - +0 pair of gloves
MR       ++...                  (no boots)
Stlth    ++........             H - amulet of the gourmand
HPRegen  0.20/turn              j - ring of poison resistance
MPRegen  0.16/turn              (no ring)

@: no status effects
A: permanent stasis, dig shafts and tunnels, four strong arms, antennae 3, large
bone plates 1, yellow scales 1, agile 1, low mp 1, MP-powered wands
a: Dig, Shaft Self, Receive Corpses, Renounce Religion


You were on level 7 of the Dungeon.
You worshipped Kikubaaqudgha.
Kikubaaqudgha was aware of your devotion.
You were not hungry.

You visited 2 branches of the dungeon, and saw 8 of its levels.
You also visited: Sewer and Bailey.

You collected 561 gold pieces.
You spent 94 gold pieces at shops.

Inventory:

Hand Weapons
 a - a +4 spear (weapon)
 b - a +0 hunting sling
 c - a +0 hand crossbow
 d - the +2 hand axe of the Sugar Beet {chop, rN++ MR+ Str-2 Stlth+}
   (You found it on level 7 of the Dungeon)

   It inflicts extra damage upon your enemies.
   It affects your strength (-2).
   It greatly protects you from negative energy.
   It affects your resistance to hostile enchantments.
   It makes you more stealthy.
 e - a +2 flail of draining
Missiles
 i - 197 stones (quivered)
 k - 42 sling bullets
 p - 111 bolts
 t - 13 poisoned darts
 y - a throwing net
 B - 118 arrows
Armour
 E - a +0 robe of magic resistance (worn)
 G - a +1 cloak (worn)
 J - a +0 pair of gloves (worn)
Jewellery
 j - a ring of poison resistance (left hand)
 H - an amulet of the gourmand (around neck)
Wands
 l - a wand of disintegration (6)
 D - a wand of paralysis (6)
 I - a wand of flame (11)
Scrolls
 g - 2 scrolls of immolation
 q - a scroll of enchant weapon {unknown}
 r - 3 scrolls of fog
 u - 2 scrolls of fear
 x - 2 scrolls of remove curse
 z - a scroll of identify
 C - a scroll of magic mapping
Potions
 f - 3 potions of heal wounds
 h - 2 potions of degeneration {unknown}
 m - 2 potions of might {unknown}
 n - 2 potions of brilliance {unknown}
 o - 7 potions of curing
 s - 2 potions of mutation
 w - 3 potions of haste {unknown}
 A - 2 potions of agility {unknown}
 F - 4 potions of flight
Comestibles
 v - 13 rations


   Skills:
 - Level 1.7 Dodging
 - Level 2.4 Stealth
 - Level 7.3 Spellcasting
 - Level 6.0 Conjurations
 * Level 3.7 Charms
   Level 1.0 Summonings
 * Level 5.3 Necromancy
   Level 0.8 Translocations
 - Level 5.0 Fire Magic
 - Level 5.0 Air Magic


You had 11 spell levels left.
You knew the following spells:

 Your Spells              Type           Power        Failure   Level  Hunger
a - Conjure Flame         Conj/Fire      ####....     2%          3    None
b - Sublimation of Blood  Necr           ####......   1%          2    None
c - Magic Dart            Conj           ####         1%          1    None
d - Regeneration          Chrm/Necr      ####......   3%          3    None
e - Mephitic Cloud        Conj/Pois/Air  ###.....     5%          3    None

Your spell library contained the following spells:

 Spells                   Type           Power        Failure   Level  Hunger
 Infusion                 Chrm           ###.         1%          1    None
 Pain                     Necr           ####         1%          1    None
 Shock                    Conj/Air       ####         1%          1    None
 Corpse Rot               Necr           N/A          1%          2    None
 Swiftness                Chrm/Air       ####....     1%          2    None
 Song of Slaying          Chrm           ###.....     2%          2    None
 Static Discharge         Conj/Air       ####....     2%          3    None
 Shroud of Golubria       Chrm/Tloc      ###...       4%          2    None
 Summon Small Mammal      Summ           ##..         5%          1    None
 Call Imp                 Summ           ##......     8%          2    None
 Airstrike                Air            ####......   10%         4    ###....
 Spectral Weapon          Hex/Chrm       ###.....     11%         3    None
 Slow                     Hex            #.......     12%         2    None
 Call Canine Familiar     Summ           ##......     16%         3    None
 Summon Guardian Golem    Hex/Summ       ##......     19%         3    None
 Summon Lightning Spire   Summ/Air       ###.....     22%         4    ###....
 Lightning Bolt           Conj/Air       ####......   22%         5    #####..
 Summon Ice Beast         Ice/Summ       ##......     54%         4    ###....
 Blink                    Tloc           Unusable     N/A         2    N/A

Dungeon Overview and Level Annotations

Branches:
Dungeon (7/15)             Temple (1/1) D:5           Sewer (visited)
 Bailey (visited)

Altars:
Ashenzari
Cheibriados
Dithmenos
Elyvilon
Fedhas
Gozag
Hepliaklqana
Kikubaaqudgha
Makhleb
Nemelex Xobeh
Okawaru
Ru
Sif Muna
Trog
Uskayaw
Vehumet
Wu Jian
Xom
Yredelemnul
Zin
The Shining One

Shops:
D:5 *   D:7 (*

Annotations:
D:2 exclusion: dancing weapon
D:3 3 runed translucent doors, Flure's ghost, weakling DrTm


Innate Abilities, Weirdness & Mutations

You cannot be hasted, slowed, berserked, paralysed or teleported.
You can dig through walls and to a lower floor.
Your four strong arms can wield two-handed weapons with a shield.
You have a pair of large antennae on your head. (SInv)
You are partially covered in large bone plates. (SH +4)
You are partially covered in yellow scales. (AC +2)
You are agile. (Dex +2)
Your magical capacity is low. (-10% MP)
You expend magic power (3 MP) to strengthen your wands.


Message History

Aim: a red ugly thing (lightly wounded)
The ball explodes into a vile cloud!
The stinking cloud engulfs the red ugly thing but does no damage.
The red ugly thing is lightly wounded.
The stinking cloud engulfs you but does no damage.
The stinking cloud engulfs the quokka zombie but does no damage.
The red ugly thing is engulfed in noxious fumes.
The red ugly thing appears confused.
The red ugly thing claws you!
You are engulfed in flames!!
You feel much better.
The red ugly thing is engulfed in noxious fumes.
The red ugly thing claws you!
You are engulfed in flames!
You feel much better.
The red ugly thing is engulfed in noxious fumes.
The red ugly thing claws you!
You are engulfed in flames!!
You die...
Kikubaaqudgha rasps: "You have failed me!
Welcome... death!"

.....##.................#.....
..............#).....#........
..........#.###....#..........
##..#.†#.#### ##...##.......#
#######.## ####.†.....###
#....# ##5...#...# ###..#
##Z5......(.# #.##
##u##h....#..## ###
#@###.....#..## ### ##...##
.## #.{..# ## #...## ####


You could see a red ugly thing (confused), a crimson imp, a shadow imp and a
quokka zombie.

Vanquished Creatures
  Pikel (D:4)
  Sigmund (D:6)
  A water moccasin (D:5)
  3 orc warriors (Bailey)
  A sky beast (D:7)
  4 slaves (D:5)
  3 ogres
  2 centaurs (D:6)
  3 bullfrogs
  3 big kobolds (Sewer)
  2 scorpions
  3 howler monkeys
  2 crimson imps
  3 hounds
  8 orc priests
  9 orc wizards
  A bullfrog skeleton (D:5)
  2 centaur skeletons
  An iguana (D:6)
  Jessica (D:3)
  Ijyb (D:3)
  3 worker ants
  2 hound skeletons (D:4)
  A worker ant zombie (D:7)
  11 gnolls
  9 adders
  7 river rats
  A shadow imp (D:6)
  3 oozes
  An adder zombie (D:5)
  2 adder skeletons
  8 worms
  2 dart slugs (D:1)
  6 leopard geckos
  23 orcs
  7 giant cockroaches
  7 hobgoblins
  5 jackals
  33 kobolds
  2 quokkas
  8 ball pythons
  A ball python skeleton (D:5)
  5 bats
  4 frilled lizards
  13 goblins
  A jackal zombie (D:5)
  23 rats
243 creatures vanquished.

Vanquished Creatures (others)
  3 plants (D:3)
3 creatures vanquished.

Grand Total: 246 creatures vanquished

Notes
Turn   | Place    | Note
-------+----------+-------------------------------------------
     0 | D:1      | DildoBatman the Formicid Wizard began the quest for the
                  | Orb.
     0 | D:1      | Reached XP level 1. HP: 13/13 MP: 4/4
    56 | D:1      | Reached skill level 1 in Conjurations
   390 | D:1      | Reached XP level 2. HP: 12/19 MP: 0/6
   808 | D:1      | Reached XP level 3. HP: 24/24 MP: 3/7
   813 | D:1      | Learned a level 3 spell: Conjure Flame
   817 | D:1      | Learned a level 3 spell: Mephitic Cloud
  1354 | D:2      | Reached XP level 4. HP: 29/30 MP: 1/8
  1504 | D:2      | Noticed a +0 dagger
  1505 | D:2      | Noticed a +0 dagger
  1569 | D:2      | Found a hide-covered altar of Uskayaw.
  2218 | D:2      | Reached XP level 5. HP: 34/35 MP: 5/9
  2495 | D:3      | Found an iron altar of Okawaru.
  2523 | D:3      | Noticed Ijyb
  2644 | D:3      | Found a white marble altar of Elyvilon.
  2664 | D:3      | Noticed Jessica
  2711 | D:3      | Found a glowing drain.
  2726 | D:3      | Reached XP level 6. HP: 41/41 MP: 3/10
  2772 | D:3      | Reached skill level 5 in Conjurations
  2796 | Sewer    | Entered a sewer
  3518 | Sewer    | Reached XP level 7. HP: 46/46 MP: 7/11
  3567 | Sewer    | Reached skill level 1 in Fire Magic
  3567 | Sewer    | Reached skill level 1 in Air Magic
  4028 | D:3      | Found a runed translucent gate.
  4028 | D:3      | Noticed Flure's ghost (weakling DrTm)
  4028 | D:3      | Identified the +4 dagger of Trauma {elec, rC++ MR-}
  4029 | D:3      | Found a runed translucent gate.
  4029 | D:3      | Found a runed translucent gate.
  4783 | D:4      | Reached XP level 8. HP: 52/52 MP: 3/12
  5097 | D:4      | Found a shimmering altar of Xom.
  5388 | D:5      | Entered Level 5 of the Dungeon
  5409 | D:5      | Found a sparkling altar of Nemelex Xobeh.
  5452 | D:5      | Found a basalt altar of Yredelemnul.
  5453 | D:5      | Found a glowing silver altar of Zin.
  5775 | D:5      | Reached skill level 5 in Fire Magic
  5811 | D:5      | Found Ilyhico's General Store.
  5816 | D:5      | Noticed Pikel
  5991 | D:5      | Bought a scroll of magic mapping for 42 gold pieces
  6051 | D:6      | Noticed Sigmund
  6109 | D:6      | Reached skill level 5 in Air Magic
  6109 | D:6      | Reached XP level 9. HP: 36/57 MP: 4/13
  6195 | D:6      | Found a shadowy altar of Dithmenos.
  6195 | D:6      | Found a snail-covered altar of Cheibriados.
  6253 | D:5      | Reached skill level 4 in Spellcasting
  6278 | D:5      | Found a staircase to the Ecumenical Temple.
  6284 | Temple   | Entered the Ecumenical Temple
  6689 | Temple   | Became a worshipper of Kikubaaqudgha
  6815 | D:5      | Found a shimmering altar of Xom.
  6990 | D:6      | Killed Sigmund
  6990 | D:6      | Reached skill level 5 in Spellcasting
  7077 | D:4      | Killed Pikel
  7077 | D:4      | Reached skill level 7 in Spellcasting
  7144 | D:3      | Killed Jessica
  7240 | D:3      | Killed Ijyb
  7518 | D:6      | Reached skill level 1 in Necromancy
  7867 | D:7      | Reached * piety under Kikubaaqudgha
  7867 | D:7      | Identified Kikubaaqudgha's Papyrus of Darkness
                  | (Kikubaaqudgha gifted it to you on level 7 of the Dungeon)
  7867 | D:7      | Received a gift from Kikubaaqudgha
  7872 | D:7      | Learned a level 2 spell: Sublimation of Blood
  7876 | D:7      | Learned a level 3 spell: Regeneration
  7904 | D:7      | Reached XP level 10. HP: 55/63 MP: 4/21
  7923 | D:7      | Reached skill level 1 in Charms
  8064 | D:7      | Found Ofroh's General Store.
  8065 | D:7      | Found a flagged portal.
  8070 | D:7      | Got an encrusted hand axe
  8084 | D:7      | Bought a scroll of magic mapping for 52 gold pieces
  8084 | D:7      | Identified the +2 hand axe of the Sugar Beet {chop, rN++
                  | MR+ Str-2 Stlth+} (You found it on level 7 of the Dungeon)
  8118 | D:7      | Gained mutation: You are dopey. (Int -2) [potion of
                  | mutation]
  8118 | D:7      | Gained mutation: You expend magic power (3 MP) to
                  | strengthen your wands. [potion of mutation]
  8119 | D:7      | Lost mutation: You are dopey. (Int -2) [potion of mutation]
  8119 | D:7      | Gained mutation: Your magical capacity is low. (-10% MP)
                  | [potion of mutation]
  8119 | D:7      | Gained mutation: You are agile. (Dex +2) [potion of
                  | mutation]
  8119 | D:7      | Gained mutation: You are partially covered in yellow
                  | scales. (AC +2) [potion of mutation]
  8119 | D:7      | Gained mutation: You are partially covered in large bone
                  | plates. (SH +4) [potion of mutation]
  8138 | Bailey   | Entered a bailey
  8276 | Bailey   | Found a bloodstained altar of Trog.
  8380 | D:7      | Found Temuzaf's Weapon Boutique.
  8401 | D:7      | Found an ornate altar of the Wu Jian Council.
  8483 | D:7      | Reached skill level 5 in Necromancy
  8526 | D:7      | Noticed a red ugly thing
  8541 | D:7      | Mangled by a red ugly thing

Levels and vault maps discovered:
D:1:      minmay_arrival_stair_chambers, layout_basic
D:2:      layout_basic, dancing_weapons_uskayaw, first_ration
D:3:      layout_basic, lemuel_coloured_pillars_altar, lemuel_doored_altar,
          portal_sewer_entry_a, gammafunk_ghost_nasty_kobolds, uniq_jessica,
          uniq_ijyb
D:4:      layout_loops_ring, marbit_many_paths, hangedman_minor_gate_pass
D:5:      layout_rooms, lemuel_crystal_altar, gammafunk_temple_overflow_statue,
          minmay_temple_entry_enclosed_plants, serial_shops,
          nicolae_shop_behind_doors, st_stairs_14, tgw_xom, uniq_pikel
D:6:      layout_cave_pools, gammafunk_temple_overflow_wave, uniq_sigmund
D:7:      layout_cave_pools, basic_altar, enter_bailey_2, serial_shops,
          nicolae_shop_behind_doors, shop, shop, hangedman_glass_teeth,
          grunt_ogre_cave
Temple:   minmay_temple_forest_path

Skill      XL: |  1  2  3  4  5  6  7  8  9 10 |
---------------+-------------------------------+-----
Conjurations   | 1 2 3 4 6 |  6.0
Fire Magic     | 3 5 |  5.0
Air Magic      | 2 5 |  5.0
Spellcasting   | 7 |  7.3
Necromancy     | 3 5 |  5.3
Charms         | 3 |  3.7
Dodging        | |  1.7
Stealth        | |  2.4
Summonings     | |  1.0
Translocations | |  0.8

Action                   |  1- 3 |  4- 6 |  7- 9 | 10-12 || total
-------------------------+-------+-------+-------+-------++-------
Melee: Club              |    16 |    11 |       |       ||    27
       Short sword       |       |    72 |    62 |       ||   134
       Halberd           |       |       |    16 |       ||    16
       Spear             |       |       |   198 |    76 ||   274
 Fire: Hunting sling     |       |    79 |    76 |    57 ||   212
Throw: Stone             |       |    12 |       |       ||    12
 Cast: Magic Dart        |    72 |   114 |    64 |       ||   250
       Mephitic Cloud    |       |     8 |    42 |    16 ||    66
       Conjure Flame     |       |     2 |    31 |     6 ||    39
       Regeneration      |       |       |       |     1 ||     1
 Abil: Dig               |     1 |     8 |    20 |     5 ||    34
  Use: Scroll            |       |     1 |     7 |     4 ||    12
       Potion            |       |       |       |     5 ||     5
 Stab: Confused          |       |     5 |    15 |     3 ||    23
  Eat: Chunk             |     1 |    10 |    16 |    10 ||    37
       Ration            |       |       |     1 |       ||     1
Armor: Robe              |     3 |    27 |    22 |    20 ||    72
Dodge: Dodged            |    18 |    75 |    90 |    46 ||   229
Block: Other             |       |       |       |    19 ||    19
